 Dungeon Crawl Stone Soup version 0.25-a0-591-g2ad0d861f1 (webtiles) character file.

Game seed: 2583767798936080473, levelgen mode: deterministic

206 Gynju the Thaumaturge (level 5, -6/28 HPs)
             Began as a Deep Elf Wizard on Mar 14, 2020.
             Mangled by Menkaure (17 damage)
             ... on level 3 of the Dungeon.
             The game lasted 00:06:34 (4614 turns).

Gynju the Thaumaturge (Deep Elf Wizard)             Turns: 4614, Time: 00:06:34

Health: -6/28      AC:  3    Str:  5    XL:     5   Next: 53%
Magic:  3/17       EV: 13    Int: 23    God:
Gold:   170        SH:  0    Dex: 13    Spells: 15/20 levels left

rFire    . . .     SeeInvis +   g - +1 hunting sling (freeze)
rCold    . . .     Gourm    .   (no shield)
rNeg     . . .     Faith    .   t - +0 robe {MR+}
rPois    .         Spirit   .   c - +0 helmet
rElec    .         Reflect  .   (no cloak)
rCorr    .         Harm     .   (no gloves)
MR       +....                  (no boots)
Stlth    ++........             (no amulet)
HPRegen  0.09/turn              (no ring)
MPRegen  0.15/turn              m - ring of see invisible

@: no status effects
A: no striking features
a: no special abilities


You were on level 3 of the Dungeon.
You were not hungry.

You visited 1 branch of the dungeon, and saw 4 of its levels.

You collected 170 gold pieces.

Inventory:

Hand Weapons
 g - a +1 hunting sling of freezing (weapon)
Missiles
 j - 137 stones (quivered)
 s - 18 sling bullets
Armour
 c - a +0 helmet (worn)
 t - a +0 robe of magic resistance (worn)
Jewellery
 e - an uncursed ring of ice
 m - a ring of see invisible (right hand)
Scrolls
 a - 2 scrolls of teleportation {unknown}
 f - 8 scrolls of identify {unknown}
 i - 4 scrolls of amnesia {unknown}
 l - a scroll of magic mapping {unknown}
 n - 2 scrolls of blinking {unknown}
 o - a scroll of random uselessness {unknown}
 u - a scroll of immolation {unknown}
Potions
 b - 2 potions of heal wounds {unknown}
 h - a potion of stabbing {unknown}
 k - a potion of might {unknown}
 p - a potion of curing {unknown}
 q - a potion of brilliance {unknown}
 r - a potion of cancellation {unknown}
Comestibles
 d - 6 rations


   Skills:
 + Level 0.7 Fighting
 + Level 2.9 Dodging
 + Level 3.0 Stealth
 - Level 8.0 Spellcasting
 - Level 1.1 Conjurations
 - Level 1.1 Summonings
 - Level 1.1 Translocations


You had 15 spell levels left.
You knew the following spells:

 Your Spells              Type           Power        Failure   Level  Hunger
a - Magic Dart            Conj           ##..         4%          1    None
b - Blink                 Tloc           N/A          7%          2    None
c - Call Imp              Summ           ##......     7%          2    None

Your spell library contained the following spells:

 Spells                   Type           Power        Failure   Level  Hunger
 Corona                   Hex            #......      7%          1    None
 Ensorcelled Hibernation  Hex/Ice        #.....       11%         2    None
 Slow                     Hex            #.......     11%         2    None
 Conjure Flame            Conj/Fire      ##......     17%         3    None
 Dazzling Flash           Conj/Hex       ##....       17%         3    None
 Mephitic Cloud           Conj/Pois/Air  ##......     19%         3    None
 Confusing Touch          Hex            #.......     21%         3    None
 Tukima's Dance           Hex            #.......     21%         3    None


Dungeon Overview and Level Annotations

Branches:
Dungeon (4/15)
 Temple: D:4-7

Altars:
Hepliaklqana

Shops:
D:4 *

Annotations:
D:3 Menkaure


Message History

The magic dart hits Menkaure.
Menkaure is heavily damaged.
Menkaure hits you.
Your crimson imp barely misses Menkaure.
Your crimson imp blinks!
Menkaure gestures at you while chanting.
You resist with some effort.
Your crimson imp hits Menkaure.
The orc barely misses your crimson imp. Menkaure misses you.
You climb upwards.
Your summoned ally is left behind.
There is a stone staircase leading down here.
Casting: Magic Dart (safe; 4% risk of failure)
Confirm with . or Enter, or press ? or * to list all spells.
Okay, then.
Menkaure misses you.
Menkaure points at you and mumbles some strange words.
You resist with some effort.
Your magical contamination has completely faded away.
Menkaure hits you!
Ouch! That really hurt!
You die...

#.#.# ##.##.#.####.#
#.#.#######.##)#.# #.#
.......>.....(.#.# #.#
#.#########..###.####.#
#.# #..# #.#....# #.#
#..# #.#.#### #.# ##.#
#.#.####### #.# #.#
#.#.......# #.######
#.###@######.##
#.#)...# #..##.M...#..#
#.#.##.#
#..######.#.######
#.#..#.# ##.#
#..........# #.##.#.#
#.# #.#.#####..#
#......# #.##
#.#........# ####.#.#
####..###.########.#
####.### #....>....#
#.# .....#
#####♣♣♣♣♣♣## #.#


You could see Menkaure.

Vanquished Creatures
  A worker ant (D:3)
  6 adders
  2 oozes
  3 dart slugs
  2 leopard geckos (D:2)
  An orc (D:4)
  4 ball pythons
  3 bats
  4 giant cockroaches
  17 goblins
  7 hobgoblins
  8 jackals
  A quokka (D:2)
  3 frilled lizards
  3 kobolds
  6 rats
71 creatures vanquished.

Vanquished Creatures (collateral kills)
  An orc wizard (D:3)
  A worker ant (D:4)
  Robin (D:2)
  2 orcs (D:3)
  A jackal (D:3)
6 creatures vanquished.

Grand Total: 77 creatures vanquished

Notes
Turn   | Place    | Note
-------+----------+-------------------------------------------
     0 | D:1      | Gynju the Deep Elf Wizard began the quest for the Orb.
     0 | D:1      | Reached XP level 1. HP: 10/10 MP: 7/7
   160 | D:1      | Reached skill level 5 in Spellcasting
   210 | D:1      | Reached XP level 2. HP: 15/15 MP: 6/10
   214 | D:1      | Learned a level 2 spell: Blink
   217 | D:1      | Learned a level 2 spell: Call Imp
  1022 | D:2      | Noticed Robin
  1125 | D:2      | Reached skill level 6 in Spellcasting
  1125 | D:2      | Reached XP level 3. HP: 19/19 MP: 6/12
  1516 | D:2      | Killed Robin
  1669 | D:2      | Reached XP level 4. HP: 20/24 MP: 7/14
  1776 | D:2      | Reached skill level 7 in Spellcasting
  2384 | D:2      | Found a faded altar of an unknown god.
  2882 | D:3      | Reached XP level 5. HP: 27/28 MP: 10/17
  3123 | D:3      | Found a hazy altar of Hepliaklqana.
  3480 | D:3      | Reached skill level 8 in Spellcasting
  3689 | D:4      | Noticed a phantom
  4238 | D:4      | Found Lum Ybuq's General Store.
  4582 | D:4      | Noticed Menkaure
  4614 | D:3      | Mangled by Menkaure

Levels and vault maps discovered:
D:1:      heliophobic_arrival_battle_scene, layout_basic
D:2:      layout_loops_ring, chequers_ecumenical_altar_grove, uniq_robin
D:3:      layout_basic, nicolae_overflow_crystal_walls, serial_forest,
          infiniplex_forest_end_2, infiniplex_forest_clump_large,
          infiniplex_forest_straight_2, infiniplex_forest_straight_2,
          infiniplex_forest_join, infiniplex_forest_zigzag_1
D:4:      layout_basic, first_ration, serial_shops, kennysheep_mini, uniq_ijyb,
          uniq_menkaure, uniq_eustachio, uniq_pikel

Skill      XL: |  1  2  3  4  5 |
---------------+----------------+-----
Spellcasting   | 5 6 7 8 |  8.0
Stealth        | 3 |  3.0
Fighting       | |  0.7
Dodging        | |  2.9
Conjurations   | |  1.1
Summonings     | |  1.1
Translocations | |  1.1

Action                   |  1- 3 |  4- 6 || total
-------------------------+-------+-------++-------
 Cast: Magic Dart        |    99 |   118 ||   217
       Call Imp          |     4 |    25 ||    29
  Eat: Chunk             |     2 |     9 ||    11
Armor: Leather armour    |     6 |     4 ||    10
       Robe              |       |     8 ||     8
Dodge: Dodged            |    16 |    53 ||    69

Table legend:
 A = Non-vault XP
 B = Vault XP
 C = Vault XP percentage of total XP
 D = Non-vault monster count
 E = Vault monster count
 F = Vault count percentage of total count
                 A         B        C        D         E       F
            +---------+---------+-------+---------+---------+-------
      Total |     266 |      29 |   9.8 |      65 |      12 |  15.6
            +---------+---------+-------+---------+---------+-------
        D:1 |      31 |       2 |   6.1 |      18 |       1 |   5.3
        D:2 |      79 |      27 |  25.5 |      21 |      11 |  34.4
        D:3 |     110 |       0 |   0.0 |      19 |       0 |   0.0
        D:4 |      46 |       0 |   0.0 |       7 |       0 |   0.0
            +---------+---------+-------+---------+---------+-------
